 Dungeon Crawl Stone Soup version 0.19.1 (webtiles) character file.

263 dajomu the Covered (level 5, -14/47 HPs)
             Began as a Minotaur Fighter on Dec 14, 2016.
             Was an Initiate of Cheibriados.
             Demolished by an ogre
             ... wielding a +0 giant spiked club
              (21 damage)
             ... on level 4 of the Dungeon.
             The game lasted 00:19:04 (3814 turns).

dajomu the Covered (Minotaur Fighter)               Turns: 3814, Time: 00:19:05

Health: -14/47     AC:  7    Str: 21    XL:     5   Next: 98%
Magic:  1/4        EV:  8    Int:  6    God:    Cheibriados [......]
Gold:   232        SH: 10    Dex: 12    Spells: 0 memorised, 4 levels left

rFire  . . .     SeeInvis .     a - +0 long sword
rCold  . . .     Gourm    .     b - +0 scale mail
rNeg   . . .     Faith    .     c - +0 shield
rPois  .         Spirit   .     (helmet restricted)
rElec  .         Reflect  .     (no cloak)
rCorr  .         Harm     .     (no gloves)
MR     .....                    (no boots)
Stlth  +.........               (no amulet)
                                (no ring)
                                e - ring of stealth

@: very slow
A: retaliatory headbutt, horns 2
a: Bend Time, Renounce Religion


You were on level 4 of the Dungeon.
You worshipped Cheibriados.
Cheibriados was noncommittal.
You were not hungry.

You visited 1 branch of the dungeon, and saw 4 of its levels.

You collected 232 gold pieces.

Inventory:

Hand Weapons
 a - a +0 long sword (weapon)
 m - a +0 flail of venom
 v - a +0 whip of flaming
 D - a +2 mace of draining
Armour
 b - a +0 scale mail (worn)
 c - a +0 shield (worn)
 l - a +0 chain mail
 q - a +0 shield
 C - a cursed +0 pair of boots
Jewellery
 e - a ring of stealth (left hand)
 y - an uncursed ring of magical power
Scrolls
 h - a scroll of amnesia {unknown}
 i - 4 scrolls of remove curse
 j - 3 scrolls of teleportation
 w - a scroll of noise {unknown}
 x - a scroll of magic mapping {unknown}
Potions
 d - a potion of might
 k - 2 potions of mutation {unknown}
 n - a potion of agility {unknown}
 p - a potion of curing {unknown}
 s - a potion of lignification {unknown}
 t - 2 potions of heal wounds
 z - a potion of degeneration {unknown}
 A - a potion of magic {unknown}
Comestibles
 f - 3 bread rations
 g - 13 fruits
 o - a beef jerky
 u - a slice of pizza
 B - a meat ration


   Skills:
 + Level 4.8 Fighting
 + Level 4.2 Long Blades
 + Level 5.3 Armour
 + Level 0.9 Dodging
 + Level 0.5 Stealth
 + Level 4.8 Shields


You had 4 spell levels left.
You didn't know any spells.

Dungeon Overview and Level Annotations

Branches:
Dungeon (4/15)
 Temple: D:4-7

Altars:
Cheibriados


Innate Abilities, Weirdness & Mutations

You reflexively headbutt those who attack you in melee.
You have a pair of horns on your head.


Message History

You block the adder's attack.
You barely miss the adder.
The adder is severely wounded.
The adder bites you.
The ogre hits you with a giant spiked club.
You block the adder's attack.
You slash the adder!
You kill the adder!
Cheibriados appreciates the change of pace.
The ogre hits you with a giant spiked club!!
* * * LOW HITPOINT WARNING * * *
The flow of time bends around you.
The ogre resists with some effort.
You feel slightly more hungry.
The ogre hits you with a giant spiked club.
* * * LOW HITPOINT WARNING * * *
Unknown command.
You hit the ogre. Your headbutt misses the ogre.
The ogre is moderately wounded.
The ogre hits you with a giant spiked club!!
You die...

#.......#####+
#.....>.#.....
#.......#.....
#.......#.....
#.......'.....
#######.......##.###
#.......########.###
+!......#...........
#..@O†..#...........
#.......#...........
#.......#.##..##..##
.........#####..######
..........#............
...........+............
...........#..#######'##
+######....### #........
+........


You could see an ogre.

Vanquished Creatures
  An orc wizard (D:3)
  2 orc priests (D:3)
  Jessica (D:3)
  5 adders
  An ooze (D:1)
  2 worms
  2 dart slugs
  4 leopard geckos
  8 orcs (D:3)
  A bat (D:3)
  A giant cockroach (D:1)
  10 hobgoblins
  A quokka (D:2)
  6 frilled lizards
  9 goblins
  8 kobolds
  4 rats
  A fungus (D:1)
67 creatures vanquished.

Vanquished Creatures (others)
  An orc wizard (D:3)
1 creature vanquished.

Grand Total: 68 creatures vanquished

Notes
Turn   | Place    | Note
-------+----------+-------------------------------------------
     0 | D:1      | dajomu the Minotaur Fighter began the quest for the Orb.
     0 | D:1      | Reached XP level 1. HP: 19/19 MP: 0/0
   287 | D:1      | Reached XP level 2. HP: 24/27 MP: 1/1
   815 | D:1      | Reached skill level 4 in Armour
   815 | D:1      | Reached XP level 3. HP: 33/33 MP: 2/2
  1579 | D:2      | Reached XP level 4. HP: 35/41 MP: 3/3
  2544 | D:3      | Noticed Jessica
  2550 | D:3      | Killed Jessica
  2550 | D:3      | Reached XP level 5. HP: 25/47 MP: 4/4
  2887 | D:3      | Found a snail-covered altar of Cheibriados.
  3011 | D:3      | Reached skill level 5 in Armour
  3192 | D:3      | Became a worshipper of Cheibriados the Contemplative
  3802 | D:4      | Noticed an ogre
  3814 | D:4      | Demolished by an ogre

Skill      XL: |  1  2  3  4  5 |
---------------+----------------+-----
Shields        | 4 |  4.8
Fighting       | 4 |  4.8
Armour         | 4 5 |  5.3
Long Blades    | 3 4 |  4.2
Dodging        | |  0.9
Stealth        | |  0.5

Action                   |  1- 3 |  4- 6 || total
-------------------------+-------+-------++-------
Melee: Long sword        |    73 |    89 ||   162
       Headbutt          |    14 |    15 ||    29
Invok: Bend Time         |       |     1 ||     1
  Use: Scroll            |       |     5 ||     5
  Eat: Bread ration      |     1 |       ||     1
       Meat ration       |       |     1 ||     1
Armor: Scale mail        |    26 |    32 ||    58
Dodge: Dodged            |    20 |    17 ||    37
Block: Shield            |    23 |    47 ||    70
       Rpst.: Long sword |     4 |     7 ||    11
